Map: Néo-Gettysburg EC

Players

Flotilla

  • Race: Terran Terran
  • League: Gold
  • Spawn Location: 5:00

zidar - Winner!

  • Race: Zerg Zerg
  • League: Platinum
  • Spawn Location: 7:00

VOD

Have the link to the VOD?

Description

Time

  • Played on: Nov. 2, 2016, 1:03 p.m.
  • Length: 29:01
Show
View Real Time Build Order
Export as new Build Order

Flotilla Terran 

Build Orders:  

Get SALT Encoding   

  12  0:01  SCV  
  13  0:13  SCV  
  14  0:22  Supply Depot  
  14  0:25  SCV  
  15  0:44  SCV  
  15  0:46  Barracks  
  16  0:52  Supply Depot  
  16  0:56  SCV  
  17  1:04  Refinery  
  17  1:08  Refinery, SCV  
  18  1:20  SCV  
  19  1:32  SCV  
  20  1:39  Marine  
  21  1:44  SCV  
  21  1:45  Bunker  
  22  1:57  Marine  
  22  1:59  Factory  
  23  2:07  SCV  
  24  2:27  Command Center  
  24  2:36  Engineering Bay  
  24  2:46  Factory Tech Lab  
  24  2:51  Supply Depot  
  24  2:54  Barracks Reactor  
  24  3:03  Orbital Command  
  24  3:25  Siege Tank  
  27  3:30  Marine x2  
  29  3:47  Supply Depot  
  29  3:48  Marine x2  
  29  3:52  Missile Turret  
  31  4:01  Planetary Fortress  
  31  4:20  SCV  
  32  4:28  Bunker  
  32  4:29  Marine  
  32  4:30  Marine  
  34  4:32  SCV  
  35  4:44  SCV  
  38  4:47  Marine x2  
  38  4:48  Widow Mine  
  40  4:56  SCV  
  40  4:57  SCV  
  42  5:07  Missile Turret  
  42  5:09  SCV, Siege Tank  
  42  5:13  Marine  
  42  5:14  Marine  
  48  5:21  SCV  
  49  5:31  Marine x2  
  51  5:38  Starport  
  51  5:40  Starport  
  51  5:43  Starport  
  51  5:52  Bunker  
  51  5:53  Refinery  
  51  5:57  Refinery, SCV  
  52  6:09  SCV  
  53  6:21  SCV, Starport Tech Lab x3  
  54  6:34  SCV  
  55  6:40  Banshee x2  
  55  6:46  SCV  
  62  6:47  Cloaking Field  
  62  6:56  Supply Depot  
  62  7:00  Supply Depot  
  62  7:06  Supply Depot  
  62  7:09  Supply Depot  
  62  7:14  Supply Depot  
  62  7:18  SCV, Banshee  
  62  7:21  Siege Tank  
  69  7:30  SCV  
  70  7:42  SCV  
  70  7:44  Banshee x2  
  77  7:54  SCV  
  78  8:03  Command Center  
  78  8:06  SCV  
  79  8:13  Command Center  
  78  8:34  Factory  
  77  8:35  Factory  
  77  8:42  Command Center  
  77  8:51  SCV  
  78  9:02  Banshee x3  
  84  9:03  SCV  
  88  9:15  SCV  
  89  9:22  Factory Tech Lab x2  
  89  9:27  Armory  
  89  9:28  Engineering Bay  
  89  9:29  Terran Infantry Weapons Level 1  
  89  9:30  SCV  
  90  9:35  SCV  
  91  9:42  SCV  
  92  9:47  SCV  
  93  9:54  SCV  
  93  9:55  Command Center  
  93  9:59  SCV  
  95  10:06  Marine x2, SCV  
  98  10:12  SCV  
  99  10:19  SCV  
  99  10:20  Banshee x2  
  99  10:21  Banshee  
  109  10:24  Marine x2, SCV  
  112  10:31  SCV  
  113  10:36  SCV  
  113  10:42  Marine x2  
  116  10:43  SCV  
  116  10:46  Thor x2  
  116  10:48  SCV  
  116  10:49  Thor  
  133  11:09  Viking x3  
  139  11:15  SCV  
  139  11:17  SCV  
  141  11:18  SCV  
  142  11:28  SCV  
  142  11:29  SCV  
  142  11:31  SCV  
  142  11:32  Missile Turret  
  142  11:33  Missile Turret  
  142  11:34  Missile Turret  
  142  11:35  Missile Turret  
  142  11:38  Siege Tank x2  
  145  11:40  SCV  
  145  11:41  Siege Tank  
  145  11:43  SCV  
  150  11:50  Refinery x2  
  139  11:55  SCV  
  140  12:02  Planetary Fortress  
  140  12:03  Marine  
  140  12:04  Marine  
  140  12:07  SCV  
  143  12:16  SCV  
  143  12:21  Marine, SCV  
  143  12:22  Marine  
  147  12:56  Marine, SCV x2  
  147  12:57  Siege Tank x2  
  147  12:59  Marine, SCV  
  134  13:07  Viking x3  
  134  13:08  SCV x2  
  134  13:11  SCV  
  143  13:14  Marine, SCV  
  143  13:17  Marine  
  146  13:20  SCV  
  147  13:28  Missile Turret x2  
  147  13:29  Missile Turret  
  147  13:30  Missile Turret  
  147  13:31  Missile Turret x2  
  147  13:33  Missile Turret  
  147  13:34  Supply Depot  
  147  13:35  Supply Depot x2  
  147  13:36  Supply Depot  
  147  13:44  Marine  
  147  13:45  Marine  
  147  13:46  SCV x3  
  147  13:48  Viking  
  147  13:49  Viking  
  143  13:58  SCV x2  
  145  14:08  Thor x3  
  163  14:10  SCV  
  163  14:11  SCV  
  160  14:22  SCV  
  160  14:23  SCV  
  162  14:33  Barracks  
  162  14:34  Barracks, SCV  
  163  14:47  Command Center  
  132  14:55  Command Center  
  100  15:11  Thor  
  100  15:12  Marine  
  100  15:13  Marine  
  101  15:20  SCV  
  84  15:30  Marine x2  
  84  15:32  SCV  
  83  15:44  Missile Turret, SCV  
  83  15:45  Missile Turret x2  
  83  15:47  Missile Turret  
  83  15:48  Marine x2  
  86  15:56  Bunker  
  86  16:03  Thor x2, Bunker  
  98  16:04  Missile Turret  
  98  16:05  Missile Turret  
  98  16:06  Marine x2, Barracks Reactor  
  100  16:12  Barracks Reactor  
  100  16:23  Marine  
  79  16:40  SCV  
  79  16:44  Refinery, SCV  
  79  16:45  Refinery  
  79  16:47  Refinery  
  79  16:52  SCV  
  78  16:56  SCV  
  78  16:58  Terran Vehicle Weapons Level 1  
  78  17:01  Marine x6  
  79  17:04  SCV  
  86  17:08  SCV  
  86  17:13  Refinery  
  86  17:15  Refinery, SCV  
  87  17:16  SCV  
  87  17:19  Marine x6  
  87  17:20  SCV  
  95  17:23  Thor  
  95  17:27  SCV  
  95  17:28  SCV  
  103  17:33  SCV  
  103  17:35  Liberator, SCV  
  103  17:36  Marine  
  100  17:37  Marine x5  
  100  17:40  SCV x2  
  107  17:44  Thor  
  107  17:47  SCV  
  114  17:52  SCV  
  114  17:53  SCV  
  114  17:54  Marine  
  114  17:55  Marine x4  
  118  17:59  SCV  
  118  18:02  SCV, Supply Depot  
  118  18:05  SCV  
  119  18:10  Refinery  
  119  18:11  SCV  
  120  18:14  SCV  
  120  18:17  SCV  
  120  18:19  Thor x2  
  134  18:23  SCV  
  134  18:26  SCV  
  136  18:29  SCV  
  136  18:33  SCV  
  138  18:38  SCV  
  140  18:41  SCV  
  140  18:42  Medivac x2  
  140  18:43  Medivac  
  140  18:44  Marine x5  
  140  18:45  Marine, SCV  
  140  18:47  Terran Infantry Armor Level 1  
  153  18:50  SCV  
  153  18:52  Terran Vehicle And Ship Armor Level 1  
  154  18:57  SCV  
  154  18:59  Planetary Fortress  
  154  19:02  SCV  
  156  19:09  SCV  
  157  19:11  Thor x2  
  157  19:12  Marine x4  
  157  19:13  Marine x2  
  157  19:14  SCV  
  176  19:22  SCV  
  176  19:23  Terran Infantry Weapons Level 2  
  177  19:26  SCV  
  178  19:32  Liberator x2  
  178  19:35  Liberator, Missile Turret  
  168  19:38  SCV  
  169  19:53  Marine x3  
  169  19:54  Marine x3, Bunker  
  175  20:24  Command Center  
  175  20:26  Bunker  
  175  20:29  Marine  
  175  20:30  Marine x3  
  179  21:04  Refinery  
  179  21:06  Refinery  
  179  21:32  Marine x6, Viking x2, Thor x2  
  179  21:33  Viking, Thor  
  115  21:50  Marine x6  
  119  22:08  Marine x6  
  123  22:15  Thor x3  
  130  22:25  Marine x3  
  130  22:29  Marine  
  111  22:43  Marine x2  
  111  22:47  Marine  
  112  22:51  SCV  
  113  23:00  Factory  
  113  23:03  Factory x2  
  113  23:05  Factory  
  103  23:26  Supply Depot x2  
  103  23:27  Supply Depot  
  103  23:30  Supply Depot  
  103  23:33  Supply Depot  
  103  23:48  Factory Tech Lab x2, SCV  
  105  23:49  Barracks Reactor  
  105  23:51  Supply Depot  
  105  23:52  Barracks Reactor  
  105  23:53  Supply Depot  
  105  23:55  Supply Depot  
  104  23:58  Supply Depot  
  104  24:00  SCV x2, Supply Depot  
  106  24:04  Factory Tech Lab x3  
  106  24:05  Factory Tech Lab  
  106  24:12  SCV  
  106  24:16  Supply Depot  
  107  24:17  Command Center, Supply Depot  
  107  24:25  SCV  
  107  24:31  Armory  
  108  24:37  SCV  
  109  24:49  SCV  
  110  25:13  Armory, Engineering Bay  
  110  25:17  Thor  
  110  25:18  Thor x3  
  134  25:25  Missile Turret  
  134  25:31  SCV  
  136  25:35  SCV  
  136  25:38  Marine  
  136  25:39  Marine x3  
  136  25:41  Engineering Bay  
  140  25:43  SCV  
  140  25:44  Terran Infantry Weapons Level 3  
  140  25:47  SCV  
  140  25:49  Terran Infantry Armor Level 2  
  128  25:55  SCV  
  128  25:56  Marine  
  128  25:57  Marine x3  
  122  25:59  SCV  
  122  26:00  Thor  
  122  26:01  Thor  
  151  26:12  SCV  
  151  26:14  Marine x4  
  151  26:24  SCV  
  136  26:32  Marine x4  
  43  27:17  Marine  
  43  27:18  Marine x3  
  41  27:24  Cyclone x2  
  49  27:34  Command Center  
  49  27:35  Marine  
  49  27:36  Marine x3  
  53  27:53  Marine  
  53  27:54  Marine x3  
  53  27:56  Cyclone  
  61  27:59  Command Center  
  61  28:08  Supply Depot x2  
  61  28:09  Supply Depot  
  61  28:15  Supply Depot  
  61  28:29  Marine x4  
Show
View Real Time Build Order
Export as new Build Order

zidar Zerg - Winner!

Build Orders: Hatch First 

Get SALT Encoding   

  12  0:03  Drone  
  13  0:13  Overlord  
  13  0:18  Drone  
  14  0:31  Drone x2  
  16  0:51  Hatchery  
  16  0:55  Drone  
  16  0:58  Extractor  
  16  1:01  Drone  
  16  1:21  Spawning Pool  
  16  1:22  Drone  
  16  1:27  Drone  
  16  1:32  Drone  
  18  1:36  Drone  
  19  2:07  Queen  
  19  2:08  Queen  
  21  2:15  Metabolic Boost  
  23  2:26  Baneling Nest  
  23  2:27  Drone x3  
  25  2:36  Drone x2  
  27  2:41  Overlord  
  27  2:52  Extractor  
  27  2:55  Pneumatized Carapace  
  26  3:06  Drone x2  
  28  3:21  Drone x4  
  28  3:25  Overlord x2  
  32  3:30  Lair  
  32  4:12  Evolution Chamber  
  30  4:17  Evolution Chamber  
  29  4:25  Spore Crawler  
  29  4:29  Spore Crawler  
  27  4:40  Drone x9  
  27  4:44  Overlord x3  
  27  4:45  Centrifical Hooks  
  36  4:48  Zerg Ground Armor Level 1  
  36  4:49  Zerg Melee Weapons Level 1  
  36  4:57  Zergling x4  
  36  4:59  Zergling x2  
  39  5:00  Zergling x2  
  39  5:02  Zergling x2  
  39  5:05  Zergling x2  
  42  5:21  Baneling x8  
  42  5:23  Zergling x2  
  42  5:24  Zergling x8  
  47  5:33  Queen  
  49  5:48  Extractor  
  49  5:49  Extractor  
  47  5:55  Drone x3  
  50  6:09  Queen  
  52  6:11  Hatchery  
  52  6:13  Drone x8  
  59  6:29  Spire  
  58  6:59  Overlord  
  58  7:00  Overlord  
  58  7:02  Zerg Ground Armor Level 2  
  58  7:07  Zerg Melee Weapons Level 2  
  58  7:15  Zergling x2, Infestation Pit  
  58  7:16  Zergling x18  
  67  7:23  Overseer  
  67  7:31  Drone x4  
  67  7:32  Drone x2  
  73  7:37  Drone x3  
  76  7:49  Zerg Flyer Weapons Level 1  
  76  7:52  Corruptor  
  76  7:53  Corruptor x2  
  82  8:01  Extractor  
  82  8:03  Drone x4  
  82  8:04  Drone  
  86  8:05  Extractor  
  86  8:11  Hive  
  85  8:44  Baneling x6  
  85  8:45  Baneling x8  
  85  8:47  Overlord x7  
  85  8:54  Drone x2  
  85  8:55  Drone  
  88  9:06  Drone x2  
  88  9:08  Drone x2  
  88  9:09  Drone x2  
  94  9:12  Drone x3  
  94  9:14  Drone x4  
  101  9:46  Zergling x16  
  101  9:47  Zergling x12  
  101  9:51  Hatchery  
  114  9:53  Adrenal Glands  
  114  9:55  Zerg Ground Armor Level 3  
  114  9:56  Ultralisk Cavern  
  114  9:57  Zerg Melee Weapons Level 3  
  113  10:14  Baneling x11  
  113  10:15  Overlord  
  113  10:16  Overlord x3  
  113  10:17  Overlord  
  113  10:31  Zergling x20  
  123  10:45  Mutalisk x4  
  123  10:46  Mutalisk x3  
  133  11:51  Hatchery  
  132  11:55  Chitinous Plating  
  132  12:00  Hatchery  
  131  12:30  Overlord x4  
  129  13:05  Queen  
  131  13:21  Ultralisk  
  131  13:22  Ultralisk x3  
  131  13:23  Ultralisk x3  
  131  13:24  Mutalisk x7  
  187  13:33  Queen  
  177  14:11  Extractor  
  177  14:14  Extractor  
  149  14:24  Ultralisk x2  
  149  14:25  Mutalisk, Ultralisk x2  
  169  14:41  Zergling x24  
  169  14:42  Zergling x12  
  112  15:49  Mutalisk x6  
  122  15:51  Ultralisk x2  
  104  17:02  Zergling x2  
  104  17:03  Zergling x22  
  80  17:37  Zergling x20  
  80  17:38  Zergling x8  
  81  18:05  Queen  
  83  18:07  Drone x10  
  93  18:35  Ultralisk x2  
  93  18:36  Ultralisk x4  
  93  18:37  Ultralisk x3  
  93  18:38  Ultralisk  
  153  19:16  Mutalisk x4  
  161  20:10  Zergling x32  
  161  20:11  Zergling x12  
  161  20:14  Hatchery  
  182  20:24  Hatchery  
  181  20:51  Zergling x2  
  181  20:52  Extractor, Zergling x20  
  181  20:53  Extractor  
  190  21:05  Extractor  
  190  21:09  Zergling x6  
  192  21:13  Baneling  
  192  21:14  Baneling x20  
  192  21:15  Baneling x5  
  192  21:16  Baneling x2  
  157  21:45  Corruptor x3  
  134  22:35  Corruptor  
  134  22:36  Corruptor x4  
  130  22:38  Corruptor x2  
  89  23:20  Zergling x12  
  89  23:21  Zergling x16  
  103  23:35  Extractor  
  103  23:36  Zergling x2  
  103  23:37  Zergling x10  
  108  24:01  Zergling x14  
  108  24:02  Zergling x14  
  122  24:03  Baneling  
  122  24:04  Baneling x11  
  128  24:24  Ultralisk x3  
  140  24:34  Corruptor  
  140  24:35  Corruptor  
  144  24:47  Zerg Flyer Weapons Level 2  
  144  25:03  Zergling x24  
  144  25:04  Zergling x16  
  164  25:15  Baneling  
  164  25:16  Baneling x15  
  164  25:21  Zergling x20  
  119  26:53  Zergling x34  
  119  26:54  Zergling x42  
  144  27:40  Ultralisk x2  
  144  27:41  Ultralisk x3  
  144  27:42  Ultralisk x2, Zergling x2  
  144  27:43  Zergling x2  
  161  28:12  Corruptor x3  
  163  28:13  Corruptor x3  
  163  28:14  Corruptor x3  
  163  28:15  Corruptor  
Tags
 
Add a new tag
Caveats
  • Supply blocks, unpowered buildings, or Contaminate may cause inaccurate times.
  • Supply counts are checked every 10 seconds.